 Dungeon Crawl Stone Soup version 0.23-a0-143-g1adec7b (webtiles) character file.

21 iamserjio the Caller (level 2, 0/18 HPs)
             Began as an Octopode Summoner on Sept 2, 2018.
             Slain by a jackal (2 damage)
             ... on level 1 of the Dungeon.
             The game lasted 00:02:12 (1162 turns).

iamserjio the Caller (Octopode Summoner)            Turns: 1162, Time: 00:02:12

Health: 0/18       AC:  1    Str:  7    XL:     2   Next: 83%
Magic:  5/5        EV: 13    Int: 17    God:
Gold:   45         SH:  0    Dex: 12    Spells: 4/5 levels left

rFire    . . .     SeeInvis .     - Unarmed
rCold    . . .     Gourm    .   (no shield)
rNeg     . . .     Faith    .   (helmet restricted)
rPois    .         Spirit   .   (no amulet)
rElec    .         Reflect  .   (no ring)
rCorr    .         Harm     .   (no ring)
MR       .....                  (no ring)
Stlth    +++.......             (no ring)
HPRegen  0.06/turn              (no ring)
MPRegen  0.09/turn              (no ring)
                                (no ring)
                                (no ring)

@: no status effects
A: almost no armour, stealthy swim, amphibious, 8 rings, constrict 8, camouflage
1, gelatinous body 1
a: no special abilities


You were on level 1 of the Dungeon.
You were not hungry.

You visited 1 branch of the dungeon, and saw 1 of its levels.

You collected 45 gold pieces.

Inventory:

Scrolls
 f - 2 scrolls of teleportation {unknown}
 g - a scroll of magic mapping {unknown}
 h - a scroll of immolation {unknown}
Potions
 a - a potion of ambrosia {unknown}
 d - a potion of flight {unknown}
 e - a potion of agility {unknown}
Comestibles
 b - 3 rations


   Skills:
 + Level 1.1 Fighting
 - Level 2.0 Dodging
 - Level 2.6 Stealth
 * Level 1.9 Unarmed Combat
 - Level 2.0 Spellcasting
 - Level 4.0 Summonings


You had 4 spell levels left.
You knew the following spells:

 Your Spells              Type           Power        Failure   Level  Hunger
a - Summon Small Mammal   Summ           ###.         3%          1    #......

Your spell library contained the following spells:

 Spells                   Type           Power        Failure   Level  Hunger
 Call Imp                 Summ           ###.....     5%          2    ###....
 Call Canine Familiar     Summ           ###.....     11%         3    ###....
 Summon Guardian Golem    Hex/Summ       #.......     26%         3    ###....
 Summon Ice Beast         Ice/Summ       #.......     63%         4    #####..
 Summon Lightning Spire   Summ/Air       #.......     63%         4    #####..


Dungeon Overview and Level Annotations

Branches:
Dungeon (1/15)

Altars:


Innate Abilities, Weirdness & Mutations

You cannot wear most types of armour.
You are very stealthy in the water. (Stealth+)
You are amphibious.
You can wear up to eight rings at the same time.
You can use your tentacles to constrict eight enemies at once.
Your skin changes colour to match your surroundings (Stealth+).
Your rubbery body absorbs attacks. (AC +1, EV +1)


Message History

The jackal struggles to escape constriction.
You barely miss the jackal.
The jackal is moderately wounded.
You constrict the jackal.
The jackal escapes!
You tentacle-slap the jackal but do no damage.
You grab the jackal.
The jackal is heavily wounded.
You constrict the jackal, but do no damage.
The jackal struggles to escape constriction.
The jackal escapes!
You tentacle-slap the jackal. Your grab misses the jackal.
The jackal is severely wounded.
The jackal bites you.
* * * LOW HITPOINT WARNING * * *
The jackal bites you.
* * * LOW HITPOINT WARNING * * *
You miss the jackal. Your grab misses the jackal.
The jackal is severely wounded.
The jackal bites you.
You die...

.......##############
.......+.....(......
##.....# #.......# +#
##.....#.##.......#####.##
##.#'###.##..............###
#.#...#.##....##...........
#.###.#.##....+............
#.#...#.##....#h#.)........
##.#.###.#.....h@#.h........
.....###.#.......#...(......
.#....#..........######.....
.####.#..#.......# .....
....#..)....#..#.>. ....
#..†.............##. ..%
######.#.########. ###
.....#..... . ≈≈≈≈..#..###


You could see 2 jackals.

Vanquished Creatures
  A dart slug (D:1)
  4 giant cockroaches (D:1)
  2 goblins (D:1)
  A hobgoblin (D:1)
  A jackal (D:1)
  2 kobolds (D:1)
  A bat (D:1)
  3 frilled lizards (D:1)
  A rat (D:1)
16 creatures vanquished.

Vanquished Creatures (collateral kills)
  A bat (D:1)
  2 hobgoblins (D:1)
3 creatures vanquished.

Grand Total: 19 creatures vanquished

Notes
Turn   | Place    | Note
-------+----------+-------------------------------------------
     0 | D:1      | iamserjio the Octopode Summoner began the quest for the
                  | Orb.
     0 | D:1      | Reached XP level 1. HP: 11/11 MP: 3/3
   684 | D:1      | Reached skill level 1 in Unarmed Combat
   728 | D:1      | Reached XP level 2. HP: 18/18 MP: 5/5
   989 | D:1      | Reached skill level 1 in Fighting
  1162 | D:1      | Slain by a jackal

Vault maps used:
D:1:      moated_graveyard_arrival

Skill      XL: |  1  2 |
---------------+-------+-----
Unarmed Combat | 1 |  1.9
Fighting       | 1 |  1.1
Dodging        | |  2.0
Stealth        | |  2.6
Spellcasting   | |  2.0
Summonings     | |  4.0

Action                   || total
-------------------------++-------
Melee: Unarmed           ||    67
       Constrict         ||    20
       Tentacles         ||     7
       Punch             ||     1
 Cast: Summon Small Mamm ||     5
 Stab: Sleeping          ||     1
  Eat: Chunk             ||     1
Armor: Skin              ||    10
Dodge: Dodged            ||    56

Table legend:
 A = Non-vault XP
 B = Vault XP
 C = Vault XP percentage of total XP
 D = Non-vault monster count
 E = Vault monster count
 F = Vault count percentage of total count
                 A         B        C        D         E       F
            +---------+---------+-------+---------+---------+-------
      Total |      30 |       0 |   0.0 |      19 |       0 |   0.0
            +---------+---------+-------+---------+---------+-------
        D:1 |      30 |       0 |   0.0 |      19 |       0 |   0.0
            +---------+---------+-------+---------+---------+-------
